 Dungeon Sprint DCSS version 0.31-a0-366-ga77b45bd9b (webtiles) character file.

Game seed: 12795108525662298098

4438 Conn the Arsonist (level 10, -26/74 HPs)
             Began as an Octopode Fire Elementalist on July 28, 2023.
             Was a High Priest of Sif Muna.
             Killed from afar by a deep elf annihilator (69 damage)
             ... with an entropic shot
             ... in the Dungeon (Sprint III: "The Ten Rune Challenge").
             The game lasted 00:14:52 (3034 turns).

Conn the Arsonist (Octopode Fire Elementalist)      Turns: 3034, Time: 00:14:53

Health: -26/74     AC:  1    Str:  5 (6)  XL:     10   Next: 36%
Magic:  15/24      EV: 16    Int: 27      God:    Sif Muna [*****.]
Gold:   3315       SH:  0    Dex: 10 (11) Spells: 0/29 levels left

rFire   . . .        p - +2 long sword (holy)
rCold   . . .        (no shield)
rNeg    . . .        (helmet restricted)
rPois   .            (no amulet)
rElec   .            (no ring)
rCorr   .            (no ring)
SInv    .            (no ring)
Will    .....        (no ring)
Stlth   ++++         (no ring)
HPRegen 0.32/turn    (no ring)
MPRegen 0.19/turn    (no ring)
                     (no ring)

%: no teleportation
@: no status effects
A: almost no armour, amphibious, 8 rings, camouflage 1, gelatinous body 1,
(nimble swimmer 1), tentacles, clever 1, deterioration 1
a: Renounce Religion, Channel Magic, Forget Spell, Divine Exegesis


You were in the Dungeon.
You worshipped Sif Muna.
Sif Muna was extremely pleased with you.
You visited 1 branch You collected 3315 gold pieces.

Inventory:

Hand Weapons
 p - a +2 long sword of holy wrath (weapon)
Wands
 d - a wand of polymorph (5)
Scrolls
 f - a scroll of blinking
 g - a scroll of enchant weapon {unknown}
 h - a scroll of amnesia {unknown}
 j - a scroll of torment {unknown}
 k - 4 scrolls of identify
Potions
 a - 2 potions of magic
 c - a potion of heal wounds
 e - 2 potions of berserk rage
 i - a potion of mutation
 l - a potion of might {unknown}
 n - 2 potions of enlightenment
Miscellaneous
 o - a box of beasts


   Skills:
 * Level 9.2 Fighting
 + Level 2.6 Long Blades
 * Level 9.4 Dodging
 + Level 5.4 Stealth
 + Level 0.4 Unarmed Combat
 + Level 10.4 Spellcasting
 * Level 5.6 Conjurations
 + Level 2.3 Hexes
 * Level 4.1 Summonings
 + Level 11.6 Fire Magic
 * Level 6.7 Air Magic
 * Level 7.9 Invocations


You couldn't memorise any spells.
You knew the following spells:

 Your Spells              Type           Power      Damage    Failure   Level
a - Foxfire               Conj/Fire      100%       2x1d9     1%          1
b - Scorch                Fire           100%       2d9       1%          2
c - Inner Flame           Hex/Fire       51%        N/A       1%          3
d - Flame Wave            Conj/Fire      57%        2d14      1%          4
e - Swiftness             Air            50%        N/A       1%          3
f - Airstrike             Air            25%        2d(4-20)  2%          4
g - Summon Guardian Gole  Hex/Summ       31%        N/A       3%          3
h - Call Canine Familiar  Summ           36%        N/A       2%          3
i - Starburst             Conj/Fire      28%        6d9       19%         6

Your spell library contained the following spells:

 Spells                   Type           Power      Damage    Failure   Level
 Shock                    Conj/Air       100%       1d9       1%          1
 Volatile Blastmotes      Fire/Tloc      90%        2d17      1%          3
 Sting                    Tmut/Pois      56%        1d5       4%          1
 Summon Ice Beast         Ice/Summ       25%        N/A       17%         4
 Summon Forest            Summ/Tloc      12%        N/A       43%         5
 Malign Gateway           Summ/Tloc      12%        N/A       100%        7
 Dragon's Call            Summ           18%        N/A       100%        9
 Fire Storm               Conj/Fire      28%        8d7       100%        9


Dungeon Overview and Level Annotations

Branches:
Dungeon (1/1)

Altars:
Cheibriados
Dithmenos
Elyvilon
Fedhas
Gozag
Hepliaklqana
Kikubaaqudgha
Makhleb
Nemelex Xobeh
Okawaru
Qazlal
Ru
Sif Muna
Trog
Uskayaw
Vehumet
Wu Jian
Xom
Yredelemnul
Zin
The Shining One
Jiyva
Lugonu

Shops:
D [


Innate Abilities, Weirdness & Mutations

You cannot wear most types of armour.
You are amphibious.
You can wear up to eight rings at the same time.
Your skin changes colour to match your surroundings (Stealth+).
Your rubbery body absorbs attacks. (AC +1, EV +1)
((You are camouflaged when in or above water. (Stealth+)))
You have tentacles for arms and can constrict up to eight enemies at once.
Your mind is acute. (Int +4, Str/Dex -1)
Your body sometimes deteriorates upon taking damage.


Message History

The deep elf annihilator blinks!
Unknown command.
Unknown command.
The deep elf annihilator gestures at you while chanting.
The poison arrow hits you!!!
You are poisoned.
Ouch! That really hurt!
* * * LOW HITPOINT WARNING * * *
Unknown command.
You feel much better.
You feel extremely sick.
The deep elf annihilator completely misses you.
You feel better.
The deep elf annihilator gestures wildly while chanting.
The deep elf annihilator blinks!
Cast which spell? (? or * to list)
Aiming: Inner Flame (safe; 1% risk of failure)
Press: ? - help, Dir - move target, f - deep elf annihilator
Aim: a deep elf annihilator, wielding a +5 great sword of holy wrath, wearing a +1 robe of poison resistance and wearing the ring of Xom's Ringing Laughter {MP-9 Int+6 Dex+2 SInv} (spells empowered, chance to affect: 21%)
Okay, then.
Unknown command.
Casting: Inner Flame (safe; 1% risk of failure)
Confirm with . or Enter, or press ? or * to list all spells.
A guardian golem appears, shielding your allies.
The deep elf annihilator casts a spell at you.
The entropic shot misses you.
Casting: Summon Guardian Golem (dangerous; 3% risk of failure)
Confirm with . or Enter, or press ? or * to list all spells.
Okay, then.
Casting: Summon Guardian Golem (dangerous; 3% risk of failure)
Confirm with . or Enter, or press ? or * to list all spells.
Aiming: Airstrike (dangerous; 2% risk of failure)
Press: ? - help, Dir - move target, f - deep elf annihilator
Aim: a deep elf annihilator, wielding a +5 great sword of holy wrath, wearing a +1 robe of poison resistance and wearing the ring of Xom's Ringing Laughter {MP-9 Int+6 Dex+2 SInv} (spells empowered, empty space bonus: 5/8)
The air twists around and strikes the deep elf annihilator!
The deep elf annihilator is lightly wounded.
The deep elf annihilator points at you and mumbles some strange words.
The entropic shot hits you!!!
Ouch! That really hurt!
You die...

▓▓▓▓▓▓▓▓▓
###.#.##..######## ###
#.##...##..))#..@# ...'
#.........##.#.§.##≈≈≈≈#
#....[...∩##.#..9≈≈≈e...
#...))...###.#...##≈≈≈≈#
#.##))##.# #.'.e.# ...e
#....##### ####### ###
#'###########
#)...#.#.#..
##.#..#.##.#


You could see a deep elf annihilator (empowered, ally target) and a friendly
guardian golem (summoned).

Vanquished Creatures
  An orc knight (D)
  4 deep elf zephyrmancers (D)
  2 deep elf pyromancers (D)
  A shadow (D)
  A spatial vortex (D)
  2 orc warriors (D)
  4 two-headed ogres (D)
  A water elemental (D)
  A necrophage (D)
  An orc priest (D)
  A jelly (D)
  Jessica (D)
  A wizard (D)
  An orc wizard (D)
  A necromancer (D)
  3 humans (D)
  A kobold demonologist (D)
  A wolf (D)
  12 orcs (D)
  An endoplasm (D)
  2 rats (D)
43 creatures vanquished.

Vanquished Creatures (others)
  123 foxfires (D)
123 creatures vanquished.

Grand Total: 166 creatures vanquished

Notes
Turn   | Place    | Note
-------+----------+-------------------------------------------
     0 | D        | Conn the Octopode Fire Elementalist began the quest for the
                  | Orb.
     0 | D        | Reached XP level 1. HP: 11/11 MP: 3/3
     7 | D        | Reached skill level 1 in Fighting
    48 | D        | Noticed Jessica
    72 | D        | Killed Jessica
    73 | D        | Reached skill level 4 in Fire Magic
    73 | D        | Reached XP level 2. HP: 10/20 MP: 0/5
    73 | D        | Reached XP level 3. HP: 13/25 MP: 0/7
    82 | D        | Learned a level 2 spell: Scorch
    86 | D        | Learned a level 3 spell: Inner Flame
   156 | D        | Reached skill level 5 in Fire Magic
   171 | D        | Reached XP level 4. HP: 31/31 MP: 0/8
   264 | D        | Gained mutation: You have a pair of small antennae on your
                  | head. [potion of mutation]
   264 | D        | Gained mutation: Your magical capacity is low. (-10% MP)
                  | [potion of mutation]
   264 | D        | Gained mutation: You are weak. (Str -2) [potion of
                  | mutation]
   265 | D        | Lost mutation: You are weak. (Str -2) [potion of mutation]
   265 | D        | Lost mutation: Your magical capacity is low. (-10% MP)
                  | [potion of mutation]
   265 | D        | Lost mutation: You have a pair of small antennae on your
                  | head. [potion of mutation]
   265 | D        | Gained mutation: Your mind is acute. (Int +4, Str/Dex -1)
                  | [potion of mutation]
   265 | D        | Gained mutation: Your body sometimes deteriorates upon
                  | taking damage. [potion of mutation]
   284 | D        | Noticed a water elemental
   291 | D        | Killed a water elemental
   292 | D        | Reached skill level 6 in Fire Magic
   292 | D        | Reached XP level 5. HP: 6/37 MP: 4/11
   423 | D        | Found a radiant altar of Vehumet.
   423 | D        | Found a shimmering blue altar of Sif Muna.
   423 | D        | Found an ancient bone altar of Kikubaaqudgha.
   436 | D        | Became a worshipper of Sif Muna the Loreminder
   515 | D        | Noticed a human
   515 | D        | Noticed a human
   533 | D        | Killed a human
   534 | D        | Reached skill level 5 in Fighting
   534 | D        | Reached skill level 5 in Dodging
   534 | D        | Reached skill level 5 in Spellcasting
   534 | D        | Reached skill level 7 in Fire Magic
   534 | D        | Reached XP level 6. HP: 12/45 MP: 0/14
   559 | D        | Killed a human
   560 | D        | Reached skill level 8 in Fire Magic
   777 | D        | Found an ornate altar of the Wu Jian Council.
   783 | D        | Learned a level 4 spell: Flame Wave
   787 | D        | Learned a level 3 spell: Swiftness
   792 | D        | Learned a level 4 spell: Airstrike
   793 | D        | Found a hide-covered altar of Uskayaw.
   793 | D        | Found an iron altar of Okawaru.
   793 | D        | Found a bloodstained altar of Trog.
   802 | D        | Found a basalt altar of Yredelemnul.
   802 | D        | Found a shadowy altar of Dithmenos.
   802 | D        | Found a sacrificial altar of Ru.
   806 | D        | Reached * piety under Sif Muna
   807 | D        | Reached XP level 7. HP: 51/51 MP: 10/16
   808 | D        | Reached skill level 1 in Air Magic
   864 | D        | Noticed a shadow
   867 | D        | Killed a shadow
   867 | D        | Reached ** piety under Sif Muna
   868 | D        | Reached skill level 9 in Fire Magic
  1052 | D        | Noticed a spatial vortex
  1092 | D        | Killed a spatial vortex
  1093 | D        | Reached skill level 5 in Stealth
  1093 | D        | Reached XP level 8. HP: 58/58 MP: 0/19
  1179 | D        | Reached *** piety under Sif Muna
  1260 | D        | Found a blossoming altar of Fedhas.
  1261 | D        | Found a stormy altar of Qazlal.
  1263 | D        | Found a snail-covered altar of Cheibriados.
  1263 | D        | Found a burning altar of Makhleb.
  1263 | D        | Found a shimmering altar of Xom.
  1264 | D        | Found a hazy altar of Hepliaklqana.
  1264 | D        | Found an opulent altar of Gozag.
  1264 | D        | Found a sparkling altar of Nemelex Xobeh.
  1264 | D        | Found a corrupted altar of Lugonu.
  1264 | D        | Found a viscous altar of Jiyva.
  1294 | D        | Noticed a two-headed ogre
  1414 | D        | Killed a two-headed ogre
  1415 | D        | Reached skill level 10 in Fire Magic
  1415 | D        | Reached skill level 5 in Invocations
  1586 | D        | Found a glowing silver altar of Zin.
  1588 | D        | Noticed a deep elf pyromancer
  1593 | D        | Killed a deep elf pyromancer
  1594 | D        | Reached skill level 1 in Hexes
  1594 | D        | Reached XP level 9. HP: 65/65 MP: 7/21
  1594 | D        | Found a glowing golden altar of the Shining One.
  1594 | D        | Found a white marble altar of Elyvilon.
  1683 | D        | Noticed an orc knight
  1685 | D        | Reached **** piety under Sif Muna
  1856 | D        | Reached ***** piety under Sif Muna
  1919 | D        | Received a gift from Sif Muna
  1920 | D        | Got Sif Muna's Quarto of Unstable Leadership {god gift}
  1943 | D        | Learned a level 3 spell: Summon Guardian Golem
  1947 | D        | Learned a level 3 spell: Call Canine Familiar
  2104 | D        | Found Cidonn's Armour Emporium.
  2145 | D        | Killed an orc knight
  2146 | D        | Reached skill level 1 in Long Blades
  2146 | D        | Reached skill level 1 in Summonings
  2146 | D        | Reached skill level 5 in Air Magic
  2267 | D        | Noticed a deep elf zephyrmancer
  2267 | D        | Noticed a deep elf zephyrmancer
  2267 | D        | Noticed a deep elf zephyrmancer
  2267 | D        | Noticed a deep elf pyromancer
  2267 | D        | Noticed a deep elf zephyrmancer
  2286 | D        | Killed a deep elf pyromancer
  2286 | D        | Killed a deep elf zephyrmancer
  2287 | D        | Reached skill level 5 in Conjurations
  2287 | D        | Reached skill level 11 in Fire Magic
  2294 | D        | Killed a deep elf zephyrmancer
  2294 | D        | Received a gift from Sif Muna
  2295 | D        | Reached skill level 10 in Spellcasting
  2295 | D        | Reached XP level 10. HP: 46/73 MP: 2/24
  2295 | D        | Got Sif Muna's Discourse on Unified Kindling {god gift}
  2310 | D        | Learned a level 6 spell: Starburst
  2429 | D        | Killed a deep elf zephyrmancer
  2510 | D        | Killed a deep elf zephyrmancer
  2518 | D        | Noticed a deep elf demonologist
  2526 | D        | Identified the ring of Xom's Ringing Laughter {MP-9 Int+6
                  | Dex+2 SInv}
  2526 | D        | Noticed a deep elf annihilator
  2526 | D        | Noticed a deep elf high priest
  2527 | D        | Noticed a deep elf annihilator
  2653 | D        | Noticed a deep elf demonologist
  2655 | D        | Noticed a smoke demon
  2845 | D        | Noticed a deep elf master archer
  3025 | D        | Identified the +0 fire dragon scales of Tempters {-Cast
                  | rPois rF++ rC- SInv}
  3025 | D        | Noticed a deep elf high priest
  3034 | D        | Killed from afar by a deep elf annihilator

Illustrated notes

Levels and vault maps discovered:
D:        dungeon_sprint_mu [sprint_mu_entry_forest, sprint_mu_temple_rooms,
          sprint_mu_d1_spiders, sprint_mu_d2_genie, sprint_mu_d3_branching,
          sprint_mu_orc_legion, sprint_mu_elf_gauntlet, sprint_mu_hive_nellie,
          sprint_mu_lair_fedhas, sprint_mu_vaults_butterflies,
          sprint_mu_slime_circle, sprint_mu_shoals_archi,
          sprint_mu_snake_twists, sprint_mu_blade_basic,
          sprint_mu_crypt_fortress, sprint_mu_tomb_spiral,
          sprint_mu_vestibule_basic, sprint_mu_gehenna_hellfire,
          sprint_mu_dis_giant, sprint_mu_tartarus_statrot,
          sprint_mu_cocytus_islands, sprint_mu_zot1]

Skill      XL: |  1  2  3  4  5  6  7  8  9 10 |
---------------+-------------------------------+-----
Fighting       | 2 3 4 5 6 7 8 9 |  9.2
Dodging        | 3 4 5 6 7 9 |  9.4
Stealth        | 3 4 5 |  5.4
Fire Magic     | 4 5 6 7 8 9 10 11 | 11.6
Spellcasting   | 3 4 5 6 7 8 10 | 10.4
Conjurations   | 2 3 4 5 |  5.6
Invocations    | 2 4 5 7 |  7.9
Air Magic      | 3 4 6 |  6.7
Hexes          | 1 2 |  2.3
Long Blades    | 2 |  2.6
Summonings     | 3 4 |  4.1
Unarmed Combat | |  0.4

Action                     |  1- 3 |  4- 6 |  7- 9 | 10-12 || total
---------------------------+-------+-------+-------+-------++-------
  Melee: Unarmed           |     3 |     2 |       |       ||     5
         Constrict         |     2 |     1 |     2 |       ||     5
         Tentacles         |     1 |       |     2 |       ||     3
         Long sword        |       |       |     8 |       ||     8
         Punch             |       |       |     1 |       ||     1
   Cast: Foxfire           |    15 |     4 |    52 |     2 ||    73
         Scorch            |       |    16 |    21 |     5 ||    42
         Flame Wave        |       |     1 |     3 |     1 ||     5
         Inner Flame       |       |       |     6 |     4 ||    10
         Swiftness         |       |       |     1 |       ||     1
         Airstrike         |       |       |     5 |     1 ||     6
         Call Canine Famil |       |       |     2 |     1 ||     3
         Summon Guardian G |       |       |     1 |     3 ||     4
         Starburst         |       |       |       |     1 ||     1
    Use: Potion            |       |     4 |       |     2 ||     6
         Scroll            |       |       |     1 |       ||     1
   Stab: Distracted        |       |       |     1 |       ||     1
 Armour: Skin              |     1 |       |       |       ||     1
  Dodge: Dodged            |     2 |     7 |    17 |     6 ||    32

Table legend: (Time is in decaauts)
 A = Elapsed time spent in this place.
 B = Non-inter-level travel time spent in this place.
 C = Inter-level travel time spent in this place.
 D = Time resting spent in this place.
 E = Time spent auto-exploring this place.
 F = Levels seen in this place.
 G = Mean time per level.
                   A        B        C        D        E       F      G
               +--------+--------+--------+--------+--------+-----+--------+
         Total |   3013 |   3013 |      0 |   1779 |     66 |   1 | 3013.0 |
       Dungeon |   3013 |   3013 |      0 |   1779 |     66 |   1 | 3013.0 |
               +--------+--------+--------+--------+--------+-----+--------+

Top non-repeatable levels by time:
       D: 3013 daAuts
